 Dungeon Crawl Stone Soup version 0.31.0-32-g396128a36d (webtiles) character file.

Game seed: 11495550230283403063

217 Alphaeus the Ruffian (level 5, -8/73 HPs)
             Began as a Troll Shapeshifter on Mar 19, 2024.
             Mangled by Duvessa
             ... wielding a +0 short sword
              (10 damage)
             ... on level 4 of the Dungeon.
             The game lasted 00:03:25 (2748 turns).

Alphaeus the Ruffian (Troll Shapeshifter)           Turns: 2748, Time: 00:03:26

Health: -8/73      AC: 22    Str: 24    XL:     5   Next: 61%
Magic:  4/4        EV:  1    Int:  6    God:
Gold:   214        SH:  0    Dex:  9    Spells: 4/4 levels left

rFire   . .          .
                       - Unarmed
rCold   . . .        (no shield)
rNeg    . . .        a - melded +0 animal skin
rPois   +            (helmet currently unavailable)
rElec   .            (cloak currently unavailable)
rCorr   .            (gloves unavailable)
SInv    .            (boots unavailable)
Will    .....        n - amulet of the acrobat
Stlth   +            (no ring)
HPRegen 1.12/turn    (no ring)
MPRegen 0.09/turn

%: acrobat
@: tree-form
A: stationary, stasis, torment immunity, boosted hp, large, unfitting armour,
(claws 3), regeneration 1, (shaggy fur 1), (tough skin 1)
a: no special abilities


You were on level 4 of the Dungeon.
You were a tree.
You visited 1 branch of the dungeon, and saw 4 of its levels.

You collected 214 gold pieces.

Inventory:

Armour
 a - a +0 animal skin (melded)
Jewellery
 k - a ring of resist corrosion
 n - an amulet of the acrobat (around neck)
Talismans
 c - a beast talisman
 d - a flux talisman
 j - a maw talisman
 p - a serpent talisman
Wands
 r - a wand of polymorph (6)
Scrolls
 g - a scroll of silence {unknown}
 h - a scroll of fear {unknown}
 i - 3 scrolls of identify {unknown}
 m - a scroll of poison {unknown}
 o - a scroll of enchant armour {unknown}
Potions
 e - 2 potions of heal wounds {unknown}
 f - a potion of attraction {unknown}
 l - a potion of ambrosia {unknown}
 q - a potion of enlightenment {unknown}


   Skills:
 + Level 2.0 Fighting
 - Level 1.5 Dodging
 * Level 4.6 Unarmed Combat
 * Level 4.4 Shapeshifting


You had 4 spell levels left.
You didn't know any spells.
Your spell library contained the following spells:

 Spells                   Type           Power      Damage    Failure   Level
 Passage of Golubria      Tloc           0%         N/A       99%         4
 Silence                  Hex/Air        0%         N/A       100%        5
 Lehudib's Crystal Spear  Conj/Erth      0%         10d2      100%        8


Dungeon Overview and Level Annotations

Branches:
Dungeon (4/15)
 Temple: D:4-7

Altars:
Makhleb

Annotations:
D:4 Duvessa


Innate Abilities, Weirdness & Mutations

You are a tree.
Your roots penetrate the ground, keeping you stationary.
You cannot be teleported.
You are immune to unholy pain and torment.
Your maximum health is greatly increased.
Your equipment is partially melded.
You are too large for most types of armour.
((You have claws for hands.))
Your natural rate of healing is unusually fast.
((You are covered in fur. (AC +1)))
((You have tough skin. (AC +1)))


Message History

You barely miss Duvessa. Duvessa hits you with a +0 short sword!
You claw Duvessa!
Duvessa is lightly wounded.
Duvessa hits you with a +0 short sword! x2
* * * LOW HITPOINT WARNING * * *
You are too injured to fight recklessly!
You are too injured to fight recklessly!
You are too injured to fight recklessly!
You are too injured to fight recklessly!
You are too injured to fight recklessly!
You are too injured to fight recklessly!
You are too injured to fight recklessly!
You are too injured to fight recklessly!
You are too injured to fight recklessly!
You are too injured to fight recklessly!
You are too injured to fight recklessly!
You are too injured to fight recklessly!
You are too injured to fight recklessly!
You are too injured to fight recklessly!
Your transformation has ended.
You turn into a tree.
Your +0 animal skin melds into your body.
Your roots penetrate the ground.
Duvessa hits you but does no damage.
You barely miss Duvessa. You punch Duvessa!
Duvessa is moderately wounded.
Duvessa hits you with a +0 short sword!
* * * LOW HITPOINT WARNING * * *
Duvessa hits you with a +0 short sword.
* * * LOW HITPOINT WARNING * * *
You barely miss Duvessa.
Duvessa is moderately wounded.
Duvessa hits you but does no damage.
You hit Duvessa.
Duvessa is moderately wounded.
Duvessa hits you with a +0 short sword!
* * * LOW HITPOINT WARNING * * *
You smack Duvessa!
Duvessa is heavily wounded.
Duvessa hits you but does no damage. Duvessa hits you with a +0 short sword!
You die...

#.....##....#.......#.
##.....##....###...[...
..............###.....#.
........................
.######.##....###.......
. #.##....###.......
.!.####.##..............
##....).##...####.#.#.#.
......e♣.....# #.#.#...
......#.##....... ......
.#### #.##..##### ##..#
..##.... .....
.#.##..#.# .#.##
#.#.##...... #
#.###.#...$ #.. ... ..


You could see Duvessa (berserk).

Vanquished Creatures
  Dowan (D:4)
  An orc priest (D:3)
  An orc wizard (D:3)
  3 adders
  3 ribbon worms
  3 dart slugs (D:1)
  4 orcs (D:3)
  2 ball pythons
  8 endoplasms
  5 giant cockroaches
  8 goblins
  A hobgoblin (D:1)
  4 jackals (D:1)
  6 kobolds
  A quokka (D:1)
  13 bats
  3 frilled lizards
  4 rats
71 creatures vanquished.

Notes
Turn   | Place    | Note
-------+----------+-------------------------------------------
     0 | D:1      | Alphaeus the Troll Shapeshifter began the quest for the
                  | Orb.
     0 | D:1      | Reached XP level 1. HP: 18/18 MP: 0/0
   126 | D:1      | Reached skill level 1 in Fighting
   153 | D:1      | Reached XP level 2. HP: 27/27 MP: 1/1
   418 | D:1      | Reached XP level 3. HP: 28/33 MP: 2/2
  1074 | D:2      | Found a faded altar of an unknown god.
  1903 | D:2      | Reached XP level 4. HP: 41/41 MP: 3/3
  2231 | D:3      | Found a burning altar of Makhleb.
  2398 | D:3      | Reached XP level 5. HP: 24/49 MP: 4/4
  2735 | D:4      | Noticed Dowan
  2735 | D:4      | Noticed Duvessa
  2741 | D:4      | Killed Dowan
  2747 | D:4      | HP: 1/73 [Duvessa/+0 short sword (8)]
  2748 | D:4      | Mangled by Duvessa

Illustrated notes

Levels and vault maps discovered:
D:1:      minmay_arrival_split_and_join, layout_basic
D:2:      layout_basic, shapermc_ecumenical_altar_mp_vishouse, serial_bayou,
          serial_bayou_lagoon_a, serial_bayou_pond_d, serial_bayou_pond_d,
          serial_bayou_pond_e
D:3:      layout_basic, mainiacjoe_overflow_alcove_4
D:4:      layout_basic, minmay_temple_entry_gardened_gates, uniq_duvessa

Skill      XL: |  1  2  3  4  5 |
---------------+----------------+-----
Fighting       | 1 2 |  2.0
Unarmed Combat | 4 |  4.6
Shapeshifting  | 4 |  4.4
Dodging        | |  1.5

Action                     |  1- 3 |  4- 6 || total
---------------------------+-------+-------++-------
  Melee: Unarmed           |    81 |    61 ||   142
         Punch             |     2 |     1 ||     3
    Use: Potion            |       |     1 ||     1
 Armour: Animal skin       |    58 |    48 ||   106
         Skin              |       |     7 ||     7
  Dodge: Dodged            |    36 |    36 ||    72
